 Dungeon Crawl Stone Soup version 0.22.1-1-ga44c0e56f4 (webtiles) character file.

503 Gargoyl the Skirmisher (level 6, -3/52 HPs)
             Began as a Centaur Abyssal Knight on Oct 20, 2018.
             Was a Believer of Lugonu.
             Slain by a gnoll
             ... wielding a +0 halberd
              (8 damage)
             ... on level 4 of the Dungeon.
             The game lasted 00:08:04 (3452 turns).

Gargoyl the Skirmisher (Centaur Abyssal Knight)     Turns: 3452, Time: 00:08:05

Health: -3/52      AC: 17    Str: 15    XL:     6   Next: 96%
Magic:  8/8        EV:  3    Int: 11    God:    Lugonu [**....]
Gold:   195        SH:  4    Dex: 10    Spells: 5/5 levels left

rFire    . . .     SeeInvis .   h - +4 whip (venom)
rCold    . . .     Gourm    .   (no shield)
rNeg     . . .     Faith    .   g - +1 ring mail
rPois    .         Spirit   .   (no helmet)
rElec    .         Reflect  +   m - +2 cloak
rCorr    .         Harm     .   (no gloves)
MR       .....                  f - +2 centaur barding
Stlth    ..........             b - +4 amulet of reflection
HPRegen  0.17/turn              l - -3 ring of evasion (curse)
MPRegen  0.11/turn              (no ring)

@: very quick
A: large, hooves 3, deformed body, speed 2, tough skin 3
a: Depart the Abyss, Bend Space, Renounce Religion


You were on level 4 of the Dungeon.
You worshipped Lugonu.
Lugonu was pleased with you.
You were near starving.

You visited 1 branch of the dungeon, and saw 4 of its levels.
You visited the Abyss 1 time.

You collected 195 gold pieces.

Inventory:

Hand Weapons
 a - a +2 hand axe
 h - a +4 whip of venom (weapon)
 i - a +0 war axe
 k - a +1 whip of freezing
Armour
 e - a scarf of cloud immunity
 f - a +2 centaur barding (worn)
 g - a +1 ring mail (worn)
 m - a +2 cloak (worn)
Jewellery
 b - a +4 amulet of reflection (around neck)
 l - a cursed -3 ring of evasion (left hand)
Potions
 d - a potion of resistance {unknown}
 j - a potion of heal wounds
Comestibles
 c - 6 rations


   Skills:
 + Level 4.0 Fighting
 + Level 2.6(3.1) Axes
 + Level 2.2(2.9) Maces & Flails
 * Level 3.6 Armour
 + Level 1.4 Dodging
 * Level 3.5 Invocations


You had 5 spell levels left.
You didn't know any spells.
Your spell library was empty.

Dungeon Overview and Level Annotations

Branches:
Dungeon (4/15)
 Temple: D:4-7

Altars:
Okawaru


Innate Abilities, Weirdness & Mutations

You have hooves in place of feet.
Armour fits poorly on your strangely shaped body.
You cover ground very quickly.
You have extremely tough skin. (AC +3)


Message History

The gnoll shaman is severely wounded.
The gnoll hits you but does no damage.
The gnoll shaman hits you but does no damage.
You are near starving!
You hit the gnoll shaman.
The gnoll shaman looks as sick as possible!
The gnoll shaman is almost dead.
The gnoll shaman hits you with a whip.
The gnoll hits you from afar with a halberd.
You whack the gnoll shaman!
You kill the gnoll shaman!
Lugonu accepts your kill. The gnoll hits you with a halberd!
* * * LOW HITPOINT WARNING * * *
The gnoll hits you from afar with a spear.
* * * LOW HITPOINT WARNING * * *
Things that are here:
a whip; a robe; a gnoll corpse You barely miss the gnoll.
The gnoll hits you with a halberd!
You die...

#### #############
...... #gg@).......#
....... #.#########.#
.........####.#######
.....................#
.....................#
................g....###
..................a.....
#...........(..##gg.....
#..............# .......


You could see 2 gnolls.

Vanquished Creatures
  A phantom (D:4)
  A scorpion (D:4)
  2 orc wizards (D:4)
  A gnoll shaman (D:4)
  2 orc priests
  An iguana (D:4)
  2 worker ants (D:4)
  5 gnolls
  4 adders
  2 worms
  A dart slug (D:3)
  3 leopard geckos
  6 orcs
  2 ball pythons
  2 giant cockroaches
  5 goblins
  5 hobgoblins
  7 jackals
  2 bats (D:2)
  2 frilled lizards
  6 kobolds
  5 rats
67 creatures vanquished.

Notes
Turn   | Place    | Note
-------+----------+-------------------------------------------
     0 | Abyss:1  | Gargoyl the Centaur Abyssal Knight began the quest for the
                  | Orb.
     0 | Abyss:1  | Reached XP level 1. HP: 19/19 MP: 2/2
    40 | Abyss:1  | Noticed a shadow
    43 | Abyss:1  | Noticed a starcursed mass
    46 | D:1      | Escaped the Abyss
   169 | D:1      | Reached * piety under Lugonu
   356 | D:1      | Reached XP level 2. HP: 20/26 MP: 3/3
   951 | D:2      | Reached XP level 3. HP: 25/31 MP: 4/4
  1577 | D:3      | Reached ** piety under Lugonu
  1583 | D:3      | Reached XP level 4. HP: 35/38 MP: 5/5
  2102 | D:3      | Found an iron altar of Okawaru.
  2340 | D:2      | Reached skill level 1 in Dodging
  2340 | D:2      | Reached XP level 5. HP: 36/46 MP: 7/7
  2760 | D:4      | Noticed a phantom
  2838 | D:4      | Killed a phantom
  2838 | D:4      | Reached skill level 1 in Maces & Flails
  2838 | D:4      | Reached XP level 6. HP: 24/52 MP: 8/8
  3153 | D:4      | Reached skill level 4 in Fighting
  3452 | D:4      | Slain by a gnoll

Skill      XL: |  1  2  3  4  5  6 |
---------------+-------------------+-----
Axes           | 2 |  2.6
Armour         | 2 3 |  3.6
Dodging        | 1 |  1.4
Maces & Flails | 1 2 |  2.2
Invocations    | 3 |  3.5
Fighting       | 4 |  4.0

Action                   |  1- 3 |  4- 6 || total
-------------------------+-------+-------++-------
Melee: Hand axe          |    26 |       ||    26
       Kick              |    11 |    26 ||    37
       Whip              |    59 |   135 ||   194
Invok: Depart the Abyss  |     1 |       ||     1
  Use: Scroll            |     5 |     6 ||    11
       Potion            |       |     2 ||     2
  Eat: Chunk             |     1 |     4 ||     5
Armor: Leather armour    |    10 |       ||    10
       Ring mail         |    38 |    71 ||   109
Dodge: Dodged            |    46 |    39 ||    85
Block: Other             |       |     4 ||     4
